 Dungeon Crawl Stone Soup version 0.16-a0-4115-ga5ed934 (webtiles) character file.

20 McCoppin the Sneak (level 2, -5/19 HPs)
             Began as an Octopode Assassin on Mar 1, 2015.
             Slain by a gnoll
             ... wielding a +0 spear
              (8 damage)
             ... on level 2 of the Dungeon.
             The game lasted 00:04:42 (949 turns).

McCoppin the Sneak (Octopode Assassin)               Turns: 949, Time: 00:04:42

Health: -5/19      AC:  1    Str: 10    XL:     2   Next: 79%
Magic:  2/2        EV: 11    Int: 13    God:
Gold:   45         SH:  0    Dex: 13    Spells: 0 memorised, 1 level left

rFire  + . .     SeeInvis .     m - +2 dagger (drain)
rCold  x . .     Clarity  .     (no shield)
rNeg   . . .     SustAb   .     (helmet restricted)
rPois  .         Gourm    .     (no amulet)
rElec  .         Spirit   .     c - ring of fire
rCorr  .         Warding  .     o - ring of stealth
rMut   .         Stasis   .     (no ring)
MR     .....                    (no ring)
Stlth  ++++++....               (no ring)
                                (no ring)
                                (no ring)
                                (no ring)

@: not resistant to hostile enchantments, very stealthy
A: almost no armour, amphibious, 8 rings, constrict 8, camouflage 1, gelatinous
body 1
a: no special abilities


You were on level 2 of the Dungeon.
You were not hungry.

You visited 1 branch of the dungeon, and saw 2 of its levels.

You collected 45 gold pieces.

Inventory:

Hand weapons
 a - a +2 dagger
 b - a +0 blowgun
 m - a +2 dagger of draining (weapon)
Missiles
 e - 8 poisoned needles
 f - 2 curare-tipped needles
Armour
 d - a +0 shield
Jewellery
 c - a ring of fire (left tentacle)
 o - a ring of stealth (right tentacle)
 p - an uncursed amulet of faith
Scrolls
 h - 2 scrolls of identify {unknown}
 n - a scroll of blinking {unknown}
Potions
 k - a potion of might {unknown}
 l - a potion of curing {unknown}
Comestibles
 g - a bread ration
 j - 2 meat rations


   Skills:
 - Level 2.0 Fighting
 - Level 2.0 Short Blades
 - Level 2.0 Throwing
 - Level 1.0 Dodging
 * Level 6.5 Stealth


You had one spell level left.
You didn't know any spells.

Dungeon Overview and Level Annotations

Branches:
Dungeon (2/15)

Altars:


Innate Abilities, Weirdness & Mutations

You cannot wear most types of armour.
You are amphibious.
You can wear up to eight rings at the same time.
You can use your tentacles to constrict many enemies at once.
Your skin changes colour to match your surroundings (Stealth).
Your rubbery body absorbs attacks (AC +1).


Message History

Ouch! That really hurt!
* * * LOW HITPOINT WARNING * * *
Found a scroll labeled ECIFECK YFEMPA.
Read which item? (? for menu, Esc to quit)
Okay, then.
Drink which item? (? for menu, Esc to quit)
Okay, then.
Read which item? (? for menu, Esc to quit)
Okay, then.
Read which item? (? for menu, Esc to quit)
As you read the scroll labeled COB US QAC, it crumbles to dust.
You feel aware of your surroundings.
You sensed 3 altars.
It was a scroll of magic mapping.
The gnoll closely misses you.
Read which item? (? for menu, Esc to quit)
Okay, then.
Read which item? (? for menu, Esc to quit)
As you read the scroll labeled TOOGIT URYLUJU, it crumbles to dust.
You feel blessed for a moment.
It was a scroll of remove curse.
The gnoll hits you from afar with a spear!
You die...

,,,,,* *,*,#,,,,,,,*,,,,,,,
****,* *,,,..,,,,,,,,,,,*** *
*,* ******,*,..,,,,,,,,,,,,**
* *,*
*,,,,,,*,.#**,*****,,,,,, *
*,* *,****,#,.# *,* ****,** *
*,* *,* *,.#.###.# *,* * *,*
*,* *##g....,* *,* * *,*
#.#####.>.#.#,***** *,* * *,*
#[.....<@gg#**,,,,* *,* *
*,***#..###......#,***,* *,*
****,,,,,,,....###g..#* *,*
*,* ,,,,,,,,,....#.***?#.# *,*
*,*
***,,,,,....##.,,,,#,#***,*
*,*
*,*,,,,...*##*,***,,,,,,****,*
*,*,,,,,.,* *,* *,,,,,,,,,,,*
*,*,,,,,,,* *,* *,***********
*,*,,,,,,,* *,* *,*


You could see 4 gnolls.

Vanquished Creatures
  3 giant geckos (D:1)
  A giant cockroach (D:1)
  A goblin (D:1)
  5 hobgoblins (D:1)
  A kobold (D:1)
  2 bats (D:1)
  A rat (D:1)
14 creatures vanquished.

Notes
Turn   | Place    | Note
--------------------------------------------------------------
     0 | D:1      | McCoppin, the Octopode Assassin, began the quest for the Orb.
     0 | D:1      | Reached XP level 1. HP: 14/14 MP: 1/1
   208 | D:1      | Reached XP level 2. HP: 13/19 MP: 2/2
   324 | D:1      | Reached skill level 6 in Stealth
   949 | D:2      | Slain by a gnoll

Action                   || total
-------------------------++-------
Melee: Dagger            ||    27
  Use: Scroll            ||     2
 Stab: Sleeping          ||     5
